 Dungeon Crawl Stone Soup version 0.24.0-35-gdb84b6a5db (webtiles) character file.

Game seed: 7941949326580264337, levelgen mode: deterministic

105 Kobolds4U the Slasher (level 4, -6/35 HPs)
             Began as a Demonspawn Berserker on Nov 17, 2019.
             Was a Believer of Trog.
             Mangled by a gnoll
             ... wielding a +0 flail
              (8 damage)
             ... on level 2 of the Dungeon.
             The game lasted 00:04:07 (2585 turns).

Kobolds4U the Slasher (Demonspawn Berserker)        Turns: 2585, Time: 00:04:08

Health: -6/35      AC:  3    Str: 17    XL:     4   Next: 54%
Magic:  4/4        EV: 12    Int:  9    God:    Trog [**....]
Gold:   57         SH:  0    Dex: 13    Spells: 3/3 levels left

rFire    . . .     SeeInvis .   a - +0 falchion
rCold    . . .     Gourm    .   (no shield)
rNeg     . . .     Faith    .   b - +0 animal skin
rPois    .         Spirit   .   i - +0 helmet
rElec    .         Reflect  .   (no cloak)
rCorr    .         Harm     .   (no gloves)
MR       .....                  (no boots)
Stlth    +.........             (no amulet)
HPRegen  0.11/turn              (no ring)
MPRegen  0.09/turn              (no ring)

@: no status effects
A: hooves 1, sturdy frame 1
a: Berserk, Trog's Hand, Renounce Religion


You were on level 2 of the Dungeon.
You worshipped Trog.
Trog was pleased with you.
You were not hungry.

You visited 1 branch of the dungeon, and saw 2 of its levels.

You collected 57 gold pieces.

Inventory:

Hand Weapons
 a - a +0 falchion (weapon)
 j - a +2 flail of crushing
Armour
 b - a +0 animal skin (worn)
 i - a +0 helmet (worn)
Scrolls
 e - a scroll of amnesia {unknown}
 g - a scroll of remove curse {unknown}
Potions
 f - a potion of degeneration {unknown}
 h - a potion of brilliance {unknown}
Comestibles
 c - 3 rations
 d - a chunk of flesh


   Skills:
 - Level 3.0 Fighting
 + Level 4.9 Long Blades
 - Level 1.7 Armour
 - Level 1.7 Dodging


You had 3 spell levels left.
You didn't know any spells.
Your spell library was empty.

Dungeon Overview and Level Annotations

Branches:
Dungeon (2/15)

Altars:

Annotations:
D:2 Sigmund


Innate Abilities, Weirdness & Mutations

You have large cloven feet.
Your movements are slightly less encumbered by armour. (ER -2)


Message History

The gnoll is severely wounded.
The gnoll hits you with a +0 flail.
The gnoll hits you from afar with a +0 spear.
The gnoll barely misses you. The gnoll hits you with a +0 flail!
You hit the gnoll. You kick the gnoll.
The gnoll is moderately wounded.
The gnoll misses you. The gnoll closely misses you.
You hit the gnoll.
The gnoll is severely wounded.
The gnoll hits you with a +0 spear.
* * * LOW HITPOINT WARNING * * *
The gnoll closely misses you.
You closely miss the gnoll.
The gnoll is severely wounded.
The gnoll hits you with a +0 spear!
* * * LOW HITPOINT WARNING * * *
You barely miss the gnoll.
The gnoll is severely wounded.
The gnoll hits you with a +0 flail!
You die...

#########
........##
........>##
..........#
..........#
.....[....#
..........#
..........#######
........<@g.....#
........#g#####.#
. ######.##s.#
#.######..
#.....#
#.........
####..#
#........g
#..####....$...g
#..().#.........
##..#...........
##..##.#..#.#..


You could see 2 gnolls and a giant cockroach.

Vanquished Creatures
  Robin (D:2)
  An adder (D:2)
  3 gnolls (D:1)
  3 dart slugs (D:1)
  A leopard gecko (D:2)
  8 bats (D:1)
  2 giant cockroaches
  14 goblins
  4 hobgoblins (D:1)
  3 jackals (D:1)
  A ball python (D:2)
  A frilled lizard (D:2)
  A kobold (D:2)
  4 rats
47 creatures vanquished.

Notes
Turn   | Place    | Note
-------+----------+-------------------------------------------
     0 | D:1      | Kobolds4U the Demonspawn Berserker began the quest for the
                  | Orb.
     0 | D:1      | Reached XP level 1. HP: 18/18 MP: 1/1
    46 | D:1      | Reached skill level 3 in Long Blades
   131 | D:1      | Gained mutation: Your movements are slightly less
                  | encumbered by armour. (ER -2) [demonic ancestry]
   131 | D:1      | Reached XP level 2. HP: 24/24 MP: 2/2
   549 | D:1      | Gained mutation: You have large cloven feet. [demonic
                  | ancestry]
   549 | D:1      | Reached XP level 3. HP: 13/29 MP: 3/3
   953 | D:2      | Noticed Robin
   963 | D:2      | Reached ** piety under Trog
   964 | D:2      | Reached skill level 4 in Long Blades
  1766 | D:2      | Killed Robin
  1927 | D:2      | Noticed Sigmund
  1948 | D:1      | Reached XP level 4. HP: 23/35 MP: 4/4
  2140 | D:2      | HP: 1/35 [hobgoblin/+0 club (2)]
  2585 | D:2      | Mangled by a gnoll

Levels and vault maps discovered:
D:1:      dpeg_arrival_pond, layout_rooms, serial_glass, glass_columns_a,
          glass_columns_c, minmay_misc_feat_rows
D:2:      layout_rooms, first_ration, grunt_ministairs_10, uniq_robin,
          uniq_sigmund, uniq_terence

Skill      XL: |  1  2  3 |
---------------+----------+-----
Long Blades    | 3 4 |  4.9
Fighting       | |  3.0
Armour         | |  1.7
Dodging        | |  1.7

Action                   |  1- 3 |  4- 6 || total
-------------------------+-------+-------++-------
Melee: Falchion          |   103 |    35 ||   138
       Kick              |    11 |     9 ||    20
Invok: Trog's Hand       |       |     1 ||     1
 Stab: Distracted        |       |     1 ||     1
  Eat: Chunk             |     3 |     3 ||     6
Armor: Animal skin       |    21 |     6 ||    27
Dodge: Dodged            |    86 |    23 ||   109
       Rpst.: Falchion   |    23 |     2 ||    25
